 Dungeon Crawl Stone Soup version 0.21.1-1-g345015f (webtiles) character file.

19 Iko the Chiller (level 2, 0/11 HPs)
             Began as a Felid Ice Elementalist on June 14, 2018.
             Was an Initiate of Wu Jian.
             Slain by a jackal (2 damage)
             ... on level 4 of the Dungeon.
             The game lasted 00:04:09 (285 turns).

Iko the Chiller (Felid Ice Elementalist)             Turns: 285, Time: 00:04:10

Health: 0/11       AC:  1    Str:  1 (4)  XL:     2   Next: 55%
Magic:  0/6        EV: 18    Int: 14 (16) God:    Wu Jian [......]
Gold:   35         SH:  0    Dex: 15 (16) Spells: 2/5 levels left
                                        Lives:  0   Deaths: 0

rFire    . . .     SeeInvis +   (weapon unavailable)
rCold    . . .     Gourm    .   (shield unavailable)
rNeg     . . .     Faith    .   (armour unavailable)
rPois    .         Spirit   .   (helmet unavailable)
rElec    .         Reflect  .   (cloak unavailable)
rCorr    .         Harm     .   (gloves unavailable)
MR       .....                  (boots unavailable)
Stlth    +++.......             (no amulet)
HPRegen  0.03/turn              (no ring)
MPRegen  0.10/turn              (no ring)

@: quick
A: very small, no armour, no weapons or thrown items, stealth, claws 1, fangs 3,
see invisible, carnivore, speed 1, shaggy fur 1, slow metabolism 1, sharp paws
a: Renounce Religion


You were on level 4 of the Dungeon.
You worshipped Wu Jian.
Wu Jian was noncommittal.
You were not hungry.

You visited 1 branch of the dungeon, and saw 4 of its levels.

You collected 35 gold pieces.

Inventory:

Books
 a - a book of Frost

   Spells                             Type                      Level
   a - Freeze                         Ice                          1
   b - Throw Frost                    Conjuration/Ice              2
   c - Ozocubu's Armour               Charms/Ice                   3
   d - Throw Icicle                   Conjuration/Ice              4
   e - Summon Ice Beast               Ice/Summoning                4
Comestibles
 b - a ration


   Skills:
 + Level 2.8 Dodging
 + Level 2.9 Stealth
 + Level 0.1 Unarmed Combat
 + Level 2.1 Spellcasting
 + Level 0.8 Conjurations
 + Level 3.3 Ice Magic


You had 2 spell levels left.
You knew the following spells:

 Your Spells              Type           Power        Failure   Level  Hunger
a - Freeze                Ice            ##..         6%          1    #......
b - Throw Frost           Conj/Ice       #.....       16%         2    ###....


Dungeon Overview and Level Annotations

Branches:
Dungeon (4/15)
 Temple: D:4-7

Altars:
Dithmenos
Trog
Wu Jian
Zin


Innate Abilities, Weirdness & Mutations

You cannot wear armour.
You are incapable of wielding weapons or throwing items.
Your paws allow you to move quietly. (Stealth)
You have sharp claws.
You have razor-sharp teeth.
You have supernaturally acute eyesight. (SInv)
You are carnivorous and can eat meat at any time.
You cover ground quickly.
You are covered in fur. (AC +1)
You have a slow metabolism.
Your sharp claws are effective at attacking unaware monsters.


Message History

Confirm with . or Enter, or press ? or * to list all spells.
Aiming: Throw Frost
Press: ? - help, Shift-Dir - straight line, f - jackal, p - jackal
Aim: a jackal The puff of frost hits the jackal.
You kill the jackal!
The Council accepts your kill. The jackal barely misses you.
You scratch the jackal but do no damage.
Your bite misses the jackal. The jackal barely misses you.
You barely miss the jackal. The jackal misses you.
You closely miss the jackal. The jackal misses you.
The jackal completely misses you.
You barely miss the jackal. The jackal closely misses you.
You barely miss the jackal. The jackal barely misses you. x2
You completely miss the jackal. The jackal misses you.
You closely miss the jackal. The jackal closely misses you.
You closely miss the jackal. The jackal closely misses you.
The jackal bites you.
You die...

....#####+####
............#
#..........#
#..........#
#..........#
#.#...h......#
......[†hh####
#..######h# # #@#
#.# ###'####
######### #......#
#.#_#_#.###......#
##.#.#.#.#.8......#
#⌠............<...#
#_...........######
##.#.#.#.#.8##


You could see 3 jackals.

Vanquished Creatures
  An adder (D:4)
  A leopard gecko (D:1)
  2 goblins (D:1)
  A jackal (D:4)
  2 ball pythons (D:2)
  A bat (D:1)
  A kobold (D:1)
  A rat (D:1)
10 creatures vanquished.

Notes
Turn   | Place    | Note
-------+----------+-------------------------------------------
     0 | D:1      | Iko the Felid Ice Elementalist began the quest for the Orb.
     0 | D:1      | Reached XP level 1. HP: 7/7 MP: 4/4
    43 | D:1      | Reached skill level 3 in Ice Magic
   165 | D:2      | Reached XP level 2. HP: 11/11 MP: 6/6
   184 | D:2      | Learned a level 2 spell: Throw Frost
   222 | D:4      | Found an ornate altar of the Wu Jian Council.
   222 | D:4      | Found a glowing silver altar of Zin.
   225 | D:4      | Found a bloodstained altar of Trog.
   228 | D:4      | Found a shadowy altar of Dithmenos.
   231 | D:4      | Became a worshipper of the Wu Jian Council
   285 | D:4      | Slain by a jackal

Skill      XL: |  1 |
---------------+----+-----
Ice Magic      | 3 |  3.3
Dodging        | |  2.8
Stealth        | |  2.9
Unarmed Combat | |  0.1
Spellcasting   | |  2.1
Conjurations   | |  0.8

Action                   || total
-------------------------++-------
Melee: Unarmed           ||    31
       Bite              ||     4
 Cast: Freeze            ||     6
       Throw Frost       ||     4
Invok: Lunge             ||     1
  Use: Scroll            ||     3
       Potion            ||     2
 Stab: Sleeping          ||     1
Armor: Skin              ||     5
Dodge: Dodged            ||    45
